 Dungeon Sprint DCSS version 0.28.0 (webtiles) character file.

Game seed: 4006829772404398019

119 boopmooplesden the Covered (level 4, -5/47 HPs)
             Began as a Minotaur Fighter on Feb 5, 2022.
             Slain by a neqoxec (6 damage)
             ... in the Dungeon (Sprint II: "The Violet Keep of Menkaure").
             The game lasted 00:00:12 (12 turns).

boopmooplesden the Covered (Minotaur Fighter)         Turns: 12, Time: 00:00:12

Health: -5/47      AC:  7    Str: 20      XL:     4   Next: 73%
Magic:  3/3        EV:  9    Int:  4 (7)  God:
Gold:   0          SH:  5    Dex: 10      Spells: 3/3 levels left

rFire   . . .      SeeInvis .   a - +0 war axe
rCold   . . .      Faith    .   c - +0 buckler
rNeg    . . .      Spirit   .   b - +0 scale mail
rPois   .          Reflect  .   (helmet restricted)
rElec   .          Harm     .   (no cloak)
rCorr   .          Rampage  .   (no gloves)
Will    .....      NoTele   +   (no boots)
Stlth   ..........              (no amulet)
HPRegen 0.15/turn               (no ring)
MPRegen 0.08/turn               (no ring)

@: mighty
A: horns 2, retaliatory headbutt, clever 1, clumsy 1
a: no special abilities


You were in the Dungeon.
You visited 1 branch

Inventory:

Hand Weapons
 a - a +0 war axe (weapon)
Armour
 b - a +0 scale mail (worn)
 c - a +0 buckler (worn)
Scrolls
 j - a scroll of blinking
Potions
 e - a potion of curing
 f - a potion of heal wounds
 g - a potion of haste
 h - 2 potions of magic
 i - a potion of berserk rage


   Skills:
 + Level 7.1 Fighting
 + Level 4.5 Axes
 + Level 7.2 Armour
 + Level 1.0 Dodging
 + Level 6.8 Shields


You had 3 spell levels left.
You didn't know any spells.
Your spell library was empty.

Dungeon Overview and Level Annotations

Branches:
Dungeon (1/1)

Altars:


Innate Abilities, Weirdness & Mutations

You have a pair of horns on your head.
You reflexively headbutt those who attack you in melee.
Your mind is acute. (Int +2)
You are clumsy. (Dex -2)


Message History

Something tries to feed on your intellect!
The neqoxec hits you! The neqoxec closely misses you.
You slash the neqoxec!
The neqoxec is almost dead.
The neqoxec gestures at you.
Something tries to feed on your intellect!
The neqoxec hits you!
* * * LOW HITPOINT WARNING * * *
You hit the neqoxec. Your headbutt misses the neqoxec.
The neqoxec is almost dead.
You slash the neqoxec!
You kill the neqoxec!
The neqoxec gestures at you.
Strange energies course through your body.
You feel clever.
Your Fighting skill gained 4 levels and is now at level 7!
Your Axes skill gained 2 levels and is now at level 4!
Your Armour skill gained 4 levels and is now at level 7!
Your Dodging skill increases to level 1!
Your Shields skill gained 3 levels and is now at level 6!
You have reached level 2!
You have reached level 3!
Your experience leads to an increase in your attributes!
Your base attributes are Str 20, Int 5, Dex 9.
Increase (S)trength, (I)ntelligence, or (D)exterity?
You feel agile. x2
You have reached level 4!
You feel agile.
You barely miss the neqoxec. The neqoxec gestures at you.
You feel dopey. Something feeds on your intellect!
You slash the neqoxec!
The neqoxec is moderately wounded.
The neqoxec hits you.
* * * LOW HITPOINT WARNING * * *
You slash the neqoxec!
The neqoxec is severely wounded.
The neqoxec hits you.
You die...

#+#
##.###
+.<.@#
##.##3#
#+# #.#
##


You could see a neqoxec.

Vanquished Creatures
  A neqoxec (D)
1 creature vanquished.

Notes
Turn   | Place    | Note
-------+----------+-------------------------------------------
     0 | D        | boopmooplesden the Minotaur Fighter began the quest for the
                  | Orb.
     0 | D        | Reached XP level 1. HP: 19/19 MP: 0/0
     1 | D        | Noticed a neqoxec
     1 | D        | Noticed a neqoxec
     5 | D        | Gained mutation: You are clumsy. (Dex -2) [a neqoxec]
     9 | D        | Killed a neqoxec
     9 | D        | Gained mutation: Your mind is acute. (Int +2) [a neqoxec]
    10 | D        | Reached skill level 1 in Dodging
    10 | D        | Reached XP level 2. HP: 4/34 MP: 1/1
    10 | D        | Reached XP level 3. HP: 5/39 MP: 2/2
    10 | D        | Reached XP level 4. HP: 6/47 MP: 3/3
    11 | D        | HP: 1/47 [neqoxec (6)]
    12 | D        | Slain by a neqoxec

Illustrated notes

Levels and vault maps discovered:
D:        the_violet_keep_of_menkaure [sprint2_stairs_cluster_1,
          sprint2_shoproom, sprint2_temple, sprint2_basic_supplies,
          sprint2_obstacle_2, sprint2_obstacle_1, sprint2_obstacle_4,
          sprint2_obstacle_7, sprint2_obstacle_6, sprint2_timed_cluster_1,
          sprint2_smallroom_cluster_1, sprint2_smallroom_final_cluster_1,
          sprint2_transparent_cluster_1, sprint2_second_timed_cluster_1,
          sprint2_sniper_area_1, sprint2_heavy_combat_area_1,
          sprint2_mutation_trap_area_1, sprint2_forest_area_1,
          sprint2_light_combat_area_1, sprint2_behind_water_1,
          sprint2_near_end_vault_1]

Skill      XL: |  1 |
---------------+----+-----
Fighting       | 7 |  7.1
Axes           | 4 |  4.5
Armour         | 7 |  7.2
Dodging        | 1 |  1.0
Shields        | 6 |  6.8

Action                   |  1- 3 |  4- 6 || total
-------------------------+-------+-------++-------
Melee: War axe           |     6 |     3 ||     9
  Use: Potion            |     1 |       ||     1
Armor: Scale mail        |     2 |       ||     2
Dodge: Dodged            |     1 |       ||     1
